AoeStats
← tonytctang

MegaRandom

508607498Analyzed
4v4 RM · 8d ago on Sep 23, 2026· 48m 41s· 8 players
Game mode
Random Map
Map size
Large (8 player)
Population
200
Speed
Normal
Resources
Standard
Victory
Conquest
Starting age
Dark Age
Ending age
Imperial Age
RankedLock teamsTeams togetherTeam positionsShared explorationLock speedFull tech treeHidden civsTurbo modeCheats
Victory
Defeat
🇭🇰 Saracens · Hong Kong SAR China
1228
+16
🇭🇰 Britons · Hong Kong SAR China
1225
+16
1220
+16
🇨🇳 Franks · China
1205
+17
🇳🇿 Ethiopians · New Zealand
1278
-19
🇷🇺 Varangians · Russia
1241
-17
🇦🇷 Japanese · Argentina
1193
-15
🇷🇺 Danes · Russia
1177
-14
kit7292001
1:09 Loom
11:07 Feudal Age
11:11 Man-at-Arms
15:22 Wheelbarrow
20:33 Castle Age
18:58 Fletching
19:55 Stone Mining
21:10 Horse Collar
21:23 Gold Mining
21:21 Double-Bit Axe
22:04 Bodkin Arrow
23:16 Heavy Plow
27:30 Imperial Age
26:54 Yeomen
27:24 Hand Cart
27:54 Elite Longbowman
29:12 Elite Longbowman
30:28 Pikeman
31:09 Squires
32:00 Gold Shaft Mining
33:43 Halberdier
34:28 Bracer
34:29 Scale Mail Armor
34:40 Forging
37:09 Chemistry
36:30 Ballistics
39:25 Iron Casting
39:06 Chain Mail Armor
38:52 Padded Archer Armor
42:38 Leather Archer Armor
45:15 Blast Furnace
44:46 Ring Archer Armor
44:46 Plate Mail Armor
46:56 Masonry
46:53 Scale Barding Armor
tonytctang
1:27 Loom
10:31 Feudal Age
11:08 Double-Bit Axe
13:08 Wheelbarrow
12:19 Town Watch
16:08 Stone Mining
18:55 Castle Age
19:07 Gold Mining
20:05 Bow Saw
20:02 Horse Collar
21:16 Bloodlines
21:07 Husbandry
21:21 Forging
21:16 Scale Barding Armor
21:47 Hand Cart
22:24 Gold Shaft Mining
22:26 Heavy Plow
27:44 Imperial Age
29:01 Conscription
31:06 Conscription
32:23 Two-Man Saw
32:00 Town Patrol
31:50 Elite Mameluke
34:10 Light Cavalry
34:58 Hussar
36:48 Iron Casting
36:33 Chain Barding Armor
40:29 Blast Furnace
40:08 Plate Barding Armor
43:38 Scale Mail Armor
43:39 Padded Archer Armor
43:29 Fletching
45:36 Chemistry
44:47 Masonry
45:09 Bimaristan
45:11 Counterweights
45:36 Fortified Wall
45:47 Ballistics
45:33 Siege Engineers
46:30 Chain Mail Armor
46:30 Leather Archer Armor
ሰላምنعمة˙ʞɐɥʇ
0:43 Loom
11:27 Feudal Age
15:41 Castle Age
14:33 Town Watch
14:53 Double-Bit Axe
15:51 Horse Collar
17:26 Wheelbarrow
17:30 Heavy Plow
19:01 Stone Mining
19:03 Gold Mining
20:37 Hand Cart
22:00 Fletching
23:20 Bodkin Arrow
25:20 Gold Shaft Mining
28:03 Imperial Age
27:34 First Crusade
28:22 Scale Mail Armor
28:32 Forging
28:29 Scale Barding Armor
28:59 Masonry
29:10 Ballistics
28:36 Arrowslits
29:52 Chemistry
28:48 Elite Serjeant
30:12 Chain Mail Armor
30:33 Iron Casting
29:59 Bracer
30:00 Murder Holes
30:12 Siege Engineers
31:35 Plate Mail Armor
32:35 Conscription
33:23 Blast Furnace
35:29 Caravan
44:20 Arson
44:36 Squires
legend
6:00 Loom
11:05 Feudal Age
11:49 Double-Bit Axe
16:02 Castle Age
14:54 Wheelbarrow
17:58 Scale Barding Armor
22:05 Bow Saw
21:51 Gold Mining
22:20 Hand Cart
26:11 Imperial Age
23:34 Stone Mining
24:54 Gold Shaft Mining
25:10 Chain Barding Armor
24:51 Padded Archer Armor
24:41 Fletching
25:03 Forging
27:28 Cavalier
28:09 Husbandry
28:46 Plate Barding Armor
28:47 Iron Casting
29:32 Leather Archer Armor
29:56 Iron Casting
29:17 Bodkin Arrow
30:26 Chivalry
29:49 Ordonnance Companies
30:46 Heavy Mounted Crossbowman
32:23 Caravan
33:09 Paladin
33:41 Cranequins
37:59 Conscription
46:50 Blast Furnace
Ged Opi
1:41 Loom
11:52 Feudal Age
13:41 Wheelbarrow
15:28 Castle Age
13:16 Double-Bit Axe
13:35 Horse Collar
17:07 Bow Saw
17:09 Heavy Plow
18:48 Hand Cart
18:39 Gold Mining
20:21 Gold Shaft Mining
23:43 Imperial Age
21:56 Forging
21:47 Scale Mail Armor
22:47 Squires
22:33 Arson
22:33 Gambesons
23:28 Iron Casting
23:47 Masonry
23:57 Ballistics
23:53 Elite Varangian Guard
26:17 Blast Furnace
26:32 Chain Mail Armor
26:08 Stone Mining
26:51 Fletching
28:10 Chemistry
28:27 Plate Mail Armor
29:18 Conscription
29:16 Heavy Scorpion
29:47 Pikeman
32:14 Halberdier
34:15 Stone Shaft Mining
33:59 Bodkin Arrow
33:41 Capped Ram
38:49 Hamask
Dakt
0:35 Loom
12:00 Feudal Age
12:48 Double-Bit Axe
17:39 Castle Age
17:06 Stone Mining
19:15 Bow Saw
26:44 Imperial Age
24:44 Gold Mining
25:05 Squires
24:50 Arson
25:56 Wheelbarrow
26:36 Forging
26:26 Scale Mail Armor
26:31 Scale Barding Armor
28:49 Two-Man Saw
28:09 Hand Cart
27:37 Horse Collar
28:08 Husbandry
28:18 Bloodlines
27:42 Cavalier
28:53 Gothikon
31:20 Iron Casting
31:05 Chain Barding Armor
30:46 Light Cavalry
32:33 Chain Barding Armor
34:04 Caravan
37:33 Conscription
37:59 Elite Varangian Guard
40:00 Blast Furnace
39:15 Chain Mail Armor
39:35 Plate Barding Armor
40:41 Vendel Legacy
46:23 Plate Mail Armor
46:28 Plate Barding Armor
Gingerpatches
1:59 Loom
11:44 Feudal Age
15:35 Castle Age
14:12 Double-Bit Axe
14:34 Horse Collar
18:04 Wheelbarrow
19:04 Fletching
18:43 Crossbowman
19:58 Bodkin Arrow
22:00 Padded Archer Armor
22:32 Heavy Plow
23:53 Bow Saw
28:34 Imperial Age
27:07 Leather Archer Armor
28:16 Thumb Ring
28:34 Forging
28:25 Scale Mail Armor
30:17 Chemistry
29:39 Conscription
29:40 Bracer
30:11 Ring Archer Armor
29:05 Arbalester
30:55 Ballistics
32:50 Siege Engineers
35:19 Iron Casting
39:21 Blast Furnace
38:37 Chain Mail Armor
40:00 Hand Cart
39:58 Squires
40:10 Halberdier
Taiwan No.1
1:35 Loom
11:25 Feudal Age
11:31 Man-at-Arms
16:28 Wheelbarrow
15:57 Double-Bit Axe
18:42 Horse Collar
23:36 Stone Mining
26:33 Castle Age
24:27 Fletching
24:37 Padded Archer Armor
25:26 Gold Mining
27:16 Bodkin Arrow
27:36 Leather Archer Armor
28:02 Hand Cart
27:27 Elite Skirmisher
33:53 Imperial Age
32:22 Bow Saw
32:54 Scale Mail Armor
33:04 Forging
34:08 Chain Mail Armor
35:15 Ring Archer Armor
36:41 Ballistics
37:05 Fortified Wall
37:08 Bracer
38:38 Plate Mail Armor
38:44 Iron Casting
38:25 Heavy Plow
39:02 Conscription
40:30 Chemistry
41:10 Hoardings
41:44 Squires
42:03 Pikeman
43:46 Blast Furnace
Connection lost

Rejoining the realm…

Still unreachable

The connection could not be restored.

Session expired

The server has moved on; the page needs a fresh start.